Map: Cyber Forest LE

Players

Woah - Winner!

  • Race: Terran Terran
  • League: Platinum
  • Spawn Location: 5:00

netnyjdi

  • Race: Zerg Zerg
  • League: Diamond
  • Spawn Location: 11:00

VOD

Have the link to the VOD?

Description

Time

  • Played on: June 12, 2019, 9:12 a.m.
  • Length: 12:28
Show
View Real Time Build Order
Export as new Build Order

Woah Terran - Winner!

Build Orders: Reaper Expand 

Get SALT Encoding   

  12  0:00  SCV  
  13  0:13  SCV  
  14  0:17  Supply Depot  
  14  0:25  SCV  
  15  0:39  SCV  
  15  0:40  Barracks  
  16  0:47  Refinery  
  16  0:51  SCV  
  17  1:03  SCV  
  18  1:18  SCV  
  19  1:30  Orbital Command  
  19  1:32  Reaper  
  20  1:43  Command Center  
  20  1:54  Barracks  
  20  2:00  SCV  
  21  2:04  Refinery  
  21  2:06  Barracks Reactor  
  21  2:14  SCV  
  22  2:23  Supply Depot  
  22  2:35  SCV  
  23  2:39  Factory  
  23  2:47  SCV, Marine x2  
  23  2:48  Barracks Tech Lab  
  25  2:58  Orbital Command  
  25  3:04  SCV, Supply Depot  
  26  3:07  Marine  
  26  3:08  Marine  
  26  3:12  Stimpack  
  28  3:15  Marine  
  29  3:21  Supply Depot  
  29  3:23  SCV  
  30  3:30  Starport  
  30  3:33  SCV  
  31  3:41  Engineering Bay  
  31  3:46  Supply Depot  
  31  3:54  Engineering Bay  
  31  4:00  Bunker  
  31  4:04  SCV, Supply Depot  
  31  4:05  SCV  
  33  4:15  Factory Tech Lab  
  33  4:16  Orbital Command  
  32  4:17  Barracks  
  32  4:23  Barracks  
  27  4:48  Marine  
  27  4:49  Marine  
  27  4:50  Supply Depot  
  29  4:56  Marine  
  29  4:57  Siege Tank  
  33  5:06  Marine x2  
  32  5:26  Orbital Command  
  26  5:53  Terran Infantry Weapons Level 1, Terran Infantry Armor Level 1  
  26  5:54  Marine x3  
  26  5:56  Siege Tank  
  26  5:57  Medivac  
  34  6:01  SCV x2  
  36  6:12  Marine x2  
  36  6:13  SCV x2  
  36  6:17  Marine  
  41  6:25  Combat Shield  
  41  6:27  SCV  
  41  6:29  Starport Reactor  
  41  6:30  Marine x2  
  44  6:47  Command Center  
  44  6:49  Marine x2  
  46  6:54  SCV x2  
  48  7:06  SCV x2  
  48  7:07  Medivac  
  48  7:08  Medivac, Marine  
  55  7:11  Siege Tank  
  58  7:18  SCV  
  59  7:23  Marine x2  
  59  7:26  Marine  
  59  7:29  SCV  
  63  7:30  SCV  
  63  7:33  Supply Depot  
  64  7:41  SCV  
  64  7:42  SCV  
  66  7:45  Armory  
  66  7:53  SCV  
  67  8:07  Marine  
  67  8:08  Marine  
  67  8:09  Marine  
  70  8:14  Barracks  
  70  8:15  Barracks  
  70  8:17  Barracks  
  70  8:18  Barracks  
  69  8:49  Siege Tank, Marine  
  69  8:50  Marine x2  
  75  9:07  Marine  
  75  9:08  Marine  
  68  9:37  Barracks Reactor  
  68  9:38  Barracks Reactor x3  
  64  9:40  Orbital Command  
  64  9:42  Terran Infantry Weapons Level 2  
  64  9:46  Factory  
  64  9:48  Refinery x2  
  64  9:49  Terran Vehicle Weapons Level 1  
  64  9:55  Marine  
  64  9:56  Marine x2  
  67  10:01  SCV x2  
  69  10:13  SCV x2, Marine  
  72  10:14  Marine x2  
  74  10:25  SCV  
  74  10:26  Siege Tank  
  78  10:30  Factory Tech Lab  
  78  10:31  SCV x2, Marine  
  78  10:32  Marine x2  
  83  10:35  Supply Depot  
  83  10:36  Supply Depot  
  83  10:37  SCV, Supply Depot x2  
  84  10:43  SCV x2  
  84  10:49  SCV, Marine x3  
  88  10:55  SCV x2  
  91  10:58  Marine  
  91  10:59  Marine x7  
  98  11:07  Marine x3  
  98  11:08  Liberator x2  
  101  11:16  Marine  
  101  11:17  Marine x7  
  105  11:25  Marine x2  
  105  11:26  Marauder  
  111  11:34  Marine x2  
  113  11:41  Siege Tank  
Show
View Real Time Build Order
Export as new Build Order

netnyjdi Zerg 

Build Orders: Hatch First, Lurkers, Zergling Baneling 

Get SALT Encoding   

  12  0:05  Drone  
  13  0:08  Drone  
  14  0:15  Extractor  
  14  0:17  Drone  
  14  0:22  Extractor  
  14  0:23  Drone  
  16  0:44  Hatchery  
  15  0:59  Spawning Pool  
  15  1:02  Extractor  
  14  1:04  Drone  
  14  1:11  Overlord  
  14  1:30  Drone x3  
  17  1:41  Drone  
  17  1:46  Queen  
  20  1:52  Drone  
  21  2:00  Zergling x2  
  22  2:06  Zergling x2  
  23  2:10  Metabolic Boost  
  23  2:12  Zergling x2  
  24  2:18  Extractor  
  24  2:19  Drone x2  
  25  2:24  Queen  
  27  2:31  Overlord  
  27  2:45  Drone  
  28  2:51  Zergling x4  
  28  2:52  Zergling x4  
  28  2:57  Baneling Nest  
  31  3:04  Zergling x4  
  33  3:18  Drone x2  
  35  3:20  Overlord  
  35  3:28  Zergling x2  
  35  3:33  Overlord  
  36  3:45  Zergling x4  
  36  3:46  Zergling x4  
  40  3:52  Baneling  
  40  3:53  Baneling x4  
  40  3:56  Baneling  
  40  3:57  Baneling  
  40  3:58  Baneling  
  40  4:00  Baneling  
  40  4:10  Lair  
  31  4:44  Zergling x14  
  31  4:45  Zergling x2  
  38  4:49  Drone  
  38  4:50  Drone x2  
  38  4:52  Baneling x2  
  41  4:55  Baneling  
  41  4:58  Baneling x2  
  41  5:01  Baneling  
  34  5:29  Zergling x10  
  34  5:30  Zergling x8  
  34  5:31  Zergling x4  
  40  5:55  Hydralisk Den  
  39  6:01  Evolution Chamber x2, Drone x5  
  42  6:06  Extractor  
  41  6:12  Drone  
  41  6:13  Drone x2  
  44  6:19  Drone  
  44  6:20  Drone  
  46  6:29  Zerg Missile Weapons Level 1  
  46  6:33  Zerg Ground Armor Level 1  
  46  6:37  Drone x2  
  48  6:44  Overlord  
  48  6:48  Baneling x6  
  48  6:49  Baneling  
  48  6:57  Overlord  
  48  7:03  Spine Crawler  
  47  7:11  Overlord  
  47  7:17  Spine Crawler  
  47  7:19  Hydralisk  
  47  7:20  Hydralisk x2  
  52  7:28  Overlord  
  52  7:30  Overlord  
  52  7:32  Drone x2  
  52  7:34  Drone  
  55  7:39  Grooved Spines  
  55  7:48  Drone x4  
  55  7:49  Drone  
  60  8:05  Lurker Den  
  59  8:10  Extractor  
  59  8:11  Hydralisk  
  59  8:12  Hydralisk x3  
  66  8:14  Hydralisk  
  63  8:37  Hydralisk x2  
  63  8:38  Hydralisk x2  
  71  8:47  Hydralisk x4  
  75  8:56  Zerg Missile Weapons Level 2  
  75  9:03  Overlord  
  75  9:04  Overlord  
  75  9:05  Overseer  
  60  9:35  Hydralisk x2  
  60  9:36  Hydralisk x5  
  73  9:56  Drone x4  
  73  9:58  Hatchery  
  76  10:03  Extractor x2  
  74  10:19  Lurker x2  
  74  10:20  Lurker x2  
  78  10:23  Overlord x3  
  78  10:30  Overlord x2  
  78  10:59  Hydralisk x2  
  78  11:00  Hydralisk x5  
  90  11:10  Hydralisk x3  
  94  11:22  Hydralisk x2  
  94  11:23  Hydralisk  
  92  11:33  Queen  
  60  11:58  Hydralisk x7  
Tags
 
Add a new tag
Caveats
  • Supply blocks, unpowered buildings, or Contaminate may cause inaccurate times.
  • Supply counts are checked every 10 seconds.